 Dungeon Crawl Stone Soup version 0.29-a0-1016-g236c7fd91e (webtiles) character file.

Game seed: 4007819287177929583

241 xian the Chiller (level 6, -5/43 HPs)
             Began as a Barachi Ice Elementalist on Aug 9, 2022.
             Killed from afar by a white imp (6 damage)
             ... with a puff of frost
             ... on level 5 of the Dungeon on Aug 10, 2022.
             The game lasted 00:11:32 (4220 turns).

xian the Chiller (Barachi Ice Elementalist)         Turns: 4220, Time: 00:11:33

Health: -5/43      AC:  2    Str: 16    XL:     6   Next: 8%
Magic:  20/20      EV: 13    Int: 17    God:
Gold:   167        SH:  0    Dex: 19    Spells: 5/12 levels left

rFire   . . .      SeeInvis +   f - +0 dagger
rCold   + . .      Faith    .   (no shield)
rNeg    . . .      Spirit   .   d - +0 robe "Xecsumoo" {rPois rC+ Str-4 Dex+2}
rPois   +          Reflect  .   (no helmet)
rElec   .          Harm     .   (no cloak)
rCorr   .          Rampage  .   (no gloves)
Will    .....                   (no boots)
Stlth   ++........              (no amulet)
HPRegen 0.14/turn               r - ring of magical power
MPRegen 0.17/turn               u - ring of the Seer {Will- Str+7 Dex+6 SInv}

@: slow
A: amphibious, slowness 1, strong legs 1, +LOS, strong 1
a: Hop


You were on level 5 of the Dungeon.
You visited 1 branch of the dungeon, and saw 5 of its levels.

You collected 167 gold pieces.

Inventory:

Hand Weapons
 f - a +0 dagger (weapon)
Armour
 d - the +0 robe "Xecsumoo" (worn) {rPois rC+ Str-4 Dex+2}
   (You found it on level 4 of the Dungeon)

   Str:       It affects your strength (-4).
   Dex:       It affects your dexterity (+2).
   rC:        It protects you from cold.
   rPois:     It protects you from poison.
Jewellery
 r - a ring of magical power (left hand)
 t - a ring of flight
 u - the ring of the Seer (right hand) {Will- Str+7 Dex+6 SInv}
   (You found it on level 4 of the Dungeon)

   [ring of dexterity]

   Str:       It affects your strength (+7).
   Dex:       It affects your dexterity (+6).
   SInv:      It lets you see invisible.
   Will:      It decreases your willpower.
Scrolls
 c - a scroll of immolation {unknown}
 e - 3 scrolls of identify
 g - 2 scrolls of magic mapping {unknown}
 k - 4 scrolls of teleportation
 m - a scroll of blinking {unknown}
Potions
 a - 2 potions of heal wounds
 b - a potion of magic
 o - a potion of lignification
 q - a potion of flight
 s - a potion of mutation


   Skills:
 + Level 1.3 Fighting
 + Level 1.1 Short Blades
 + Level 2.2 Armour
 + Level 3.1 Dodging
 + Level 1.8 Stealth
 + Level 3.6 Spellcasting
 + Level 6.3 Ice Magic


You had 5 spell levels left.
You knew the following spells:

 Your Spells              Type           Power      Damage    Failure   Level
a - Freeze                Ice            96%        1d11      1%          1
b - Frozen Ramparts       Ice            48%        1d8       3%          3
c - Ozocubu's Armour      Ice            24%        N/A       3%          3

Your spell library contained the following spells:

 Spells                   Type           Power      Damage    Failure   Level
 Ensorcelled Hibernation  Hex/Ice        26%        N/A       7%          2
 Hailstorm                Conj/Ice       13%        3d5       41%         4
 Spider Form              Tmut/Pois      3%         N/A       43%         3
 Anguish                  Hex/Necr       1%         N/A       85%         4


Dungeon Overview and Level Annotations

Branches:
Dungeon (5/15)
 Temple: D:4-7

Altars:
Nemelex Xobeh
Wu Jian
Zin


Innate Abilities, Weirdness & Mutations

You are amphibious.
You cover ground slowly.
You can hop short distances.
You have an extended range of vision and can be seen from far away.
Your muscles are strong. (Str +4, Int/Dex -1)


Message History

You completely miss the white imp.
The white imp is severely wounded.
The white imp closely misses you.
You hit the white imp but do no damage.
The white imp is severely wounded.
The white imp shouts, "Get thee hence, thou feeble miscreant mule!"
The white imp hits you but does no damage.
You hit the white imp but do no damage.
The white imp is severely wounded.
The white imp hits you but does no damage.
You hit the white imp but do no damage.
The white imp is severely wounded.
The white imp closely misses you.
You hit the white imp but do no damage.
The white imp is severely wounded.
The white imp gestures at you. The puff of frost hits you. You resist.
* * * LOW HITPOINT WARNING * * *
You hit the white imp but do no damage.
The white imp is severely wounded.
The white imp closely misses you.
You hit the white imp.
The white imp is almost dead.
The white imp hits you.
* * * LOW HITPOINT WARNING * * *
The white imp freezes you. You resist.
* * * LOW HITPOINT WARNING * * *
You hit the white imp but do no damage.
The white imp is almost dead.
The white imp gestures at you. The puff of frost hits you. You resist.
* * * LOW HITPOINT WARNING * * *
You barely miss the white imp.
The white imp is almost dead.
The white imp barely misses you.
You barely miss the white imp.
The white imp is almost dead.
The white imp gestures at you. The puff of frost hits you. You resist.
You die...

##### ##~~~#
#####~≈≈~#
.?.~~≈≈~#
##~≈≈~~#
#~~≈≈~#
##~≈≈~~#
#~~≈≈5#######
#~≈≈~~@.....#
##~≈≈~######<#
#~~≈≈~#
#~≈≈~~#
#~≈≈~## #~≈≈~#
#~≈≈~# #~≈≈~##
#~≈≈~~#


You could see a white imp.

Vanquished Creatures
  A phantom (D:4)
  A hound (D:4)
  2 iguanas (D:4)
  3 adders (D:4)
  A shadow imp (D:4)
  A worm (D:2)
  2 dart slugs (D:1)
  7 ball pythons
  5 endoplasms
  2 giant cockroaches
  7 goblins
  A hobgoblin (D:1)
  3 kobolds
  3 quokkas
  4 bats (D:1)
  3 frilled lizards (D:1)
  6 rats
52 creatures vanquished.

Notes
Turn   | Place    | Note
-------+----------+-------------------------------------------
     0 | D:1      | xian the Barachi Ice Elementalist began the quest for the
                  | Orb.
     0 | D:1      | Reached XP level 1. HP: 13/13 MP: 3/3
   244 | D:1      | Found a faded altar of an unknown god.
   250 | D:1      | Reached skill level 5 in Ice Magic
   440 | D:1      | Reached XP level 2. HP: 19/19 MP: 3/5
   982 | D:2      | Reached XP level 3. HP: 24/24 MP: 4/6
  1000 | D:2      | Learned a level 3 spell: Frozen Ramparts
  1004 | D:2      | Learned a level 3 spell: Ozocubu's Armour
  1885 | D:3      | Found a glowing silver altar of Zin.
  1885 | D:3      | Found a sparkling altar of Nemelex Xobeh.
  2844 | D:4      | Reached XP level 4. HP: 13/30 MP: 6/8
  3026 | D:4      | Noticed a phantom
  3029 | D:4      | Identified the ring of the Seer {Will- Str+7 Dex+6 SInv}
  3040 | D:4      | Gained mutation: Your muscles are strong. (Str +4, Int/Dex
                  | -1) [potion of mutation]
  3040 | D:4      | Gained mutation: You are frail. (-10% HP) [potion of
                  | mutation]
  3040 | D:4      | Lost mutation: You are frail. (-10% HP) [potion of
                  | mutation]
  3047 | D:4      | Reached skill level 6 in Ice Magic
  3105 | D:4      | Identified the +0 robe "Xecsumoo" {rPois rC+ Str-4 Dex+2}
  3144 | D:4      | Killed a phantom
  3145 | D:4      | Reached skill level 1 in Fighting
  3145 | D:4      | Reached skill level 1 in Armour
  3145 | D:4      | Reached XP level 5. HP: 7/37 MP: 10/10
  3392 | D:4      | Found an ornate altar of the Wu Jian Council.
  3505 | D:4      | Reached skill level 1 in Short Blades
  3644 | D:4      | Identified the +0 cloak of Exclusion {rElec rC- Str+4
                  | Int+2}
  3956 | D:4      | Reached XP level 6. HP: 31/43 MP: 11/11
  4168 | D:5      | Entered Level 5 of the Dungeon
  4218 | D:5      | HP: 1/43 [white imp/puff of frost (4)]
  4220 | D:5      | Killed from afar by a white imp

Illustrated notes

Levels and vault maps discovered:
D:1:      dpeg_arrival_water_temple_mockup, layout_loops_ring,
          ebering_ecumenical_altar_box, hangedman_decor_points
D:2:      layout_rooms
D:3:      layout_basic, mainiacjoe_overflow_divided_tiny
D:4:      layout_basic, nzn_wu_jian_contemplation
D:5:      wander_river, layout_loops_ring, uniq_eustachio, uniq_ijyb

Skill      XL: |  1  2  3  4  5 |
---------------+----------------+-----
Ice Magic      | 5 6 |  6.3
Spellcasting   | 3 |  3.6
Fighting       | 1 |  1.3
Armour         | 1 2 |  2.2
Short Blades   | 1 |  1.1
Dodging        | 3 |  3.1
Stealth        | |  1.8

Action                   |  1- 3 |  4- 6 || total
-------------------------+-------+-------++-------
Melee: Dagger            |    58 |   106 ||   164
 Cast: Freeze            |    45 |    18 ||    63
       Frozen Ramparts   |     3 |     3 ||     6
       Ozocubu's Armour  |     1 |     1 ||     2
  Use: Potion            |       |    11 ||    11
       Scroll            |       |     2 ||     2
 Stab: Sleeping          |     1 |       ||     1
Armor: Robe              |     8 |     3 ||    11
       Leather armour    |    10 |    14 ||    24
       Skin              |       |    35 ||    35
Dodge: Dodged            |    63 |    63 ||   126

Table legend: (Time is in decaauts)
 A = Elapsed time spent in this place.
 B = Non-inter-level travel time spent in this place.
 C = Inter-level travel time spent in this place.
 D = Time resting spent in this place.
 E = Time spent auto-exploring this place.
 F = Levels seen in this place.
 G = Mean time per level.
                   A        B        C        D        E       F      G
               +--------+--------+--------+--------+--------+-----+--------+
         Total |   4666 |   4603 |     63 |      0 |   3714 |   5 |  933.2 |
       Dungeon |   4666 |   4603 |     63 |      0 |   3714 |   5 |  933.2 |
               +--------+--------+--------+--------+--------+-----+--------+

Top non-repeatable levels by time:
     D:4: 1477 daAuts
     D:3: 1466 daAuts
     D:1: 1071 daAuts
     D:2: 594 daAuts
     D:5: 57 daAuts
